 Dungeon Crawl Stone Soup version 0.29.0-13-gc9e81de378 (webtiles) character file.

Game seed: 9954688197280952063

512 Ordine the Covert (level 6, -5/28 HPs)
             Began as a Spriggan Enchanter on Sept 7, 2022.
             Killed from afar by a white imp (12 damage)
             ... with a puff of frost
             ... on level 4 of the Dungeon.
             The game lasted 00:10:40 (5083 turns).

Ordine the Covert (Spriggan Enchanter)              Turns: 5083, Time: 00:10:40

Health: -5/28      AC:  6    Str:  4    XL:     6   Next: 99%
Magic:  12/13      EV: 21    Int: 19    God:
Gold:   85         SH:  0    Dex: 15    Spells: 8/13 levels left

rFire   . . .      SeeInvis +   a - +1 dagger
rCold   . . .      Faith    .   (no shield)
rNeg    . . .      Spirit   .   b - +0 robe
rPois   .          Reflect  .   (helmet restricted)
rElec   .          Harm     .   (no cloak)
rCorr   .          Rampage  .   (gloves unavailable)
Will    +....                   (boots unavailable)
Stlth   ++++......              (no amulet)
HPRegen 0.09/turn               t - +4 ring of evasion
MPRegen 0.13/turn               w - +4 ring of protection

@: very quick
A: very small, no large weapons, unfitting armour, see invisible, speed 3
a: no special abilities


You were on level 4 of the Dungeon.
You visited 1 branch of the dungeon, and saw 5 of its levels.

You collected 141 gold pieces.
You spent 56 gold pieces at shops.

Inventory:

Hand Weapons
 a - a +1 dagger (weapon)
Missiles
 d - 18 poisoned darts (quivered)
 v - a throwing net
Armour
 b - a +0 robe (worn)
Jewellery
 s - a ring of fire
 t - a +4 ring of evasion (left hand)
 w - a +4 ring of protection (right hand)
Wands
 q - a wand of mindburst (13)
 x - a wand of flame (11)
Scrolls
 f - a scroll of enchant armour
 g - 3 scrolls of fog {unknown}
 i - a scroll of brand weapon {unknown}
 k - 2 scrolls of teleportation {unknown}
 l - a scroll of silence {unknown}
 m - 2 scrolls of magic mapping {unknown}
 n - a scroll of vulnerability {unknown}
 r - 2 scrolls of torment {unknown}
 y - 2 scrolls of blinking {unknown}
 z - a scroll of amnesia {unknown}
Potions
 c - 3 potions of invisibility
 e - 5 potions of curing
 h - a potion of attraction
 j - 2 potions of mutation
 o - 3 potions of berserk rage
 p - a potion of flight {unknown}
 u - 3 potions of degeneration {unknown}


   Skills:
 - Level 5.0 Short Blades
 - Level 2.6 Dodging
 - Level 8.0 Stealth
 - Level 4.0 Spellcasting
 + Level 5.1 Hexes


You had 8 spell levels left.
You knew the following spells:

 Your Spells              Type           Power      Damage    Failure   Level
a - Ensorcelled Hibernat  Hex/Ice        26%        N/A       7%          2
b - Confusing Touch       Hex            23%        N/A       4%          3

Your spell library contained the following spells:

 Spells                   Type           Power      Damage    Failure   Level
 Tukima's Dance           Hex            23%        N/A       4%          3
 Magic Dart               Conj           12%        1d3       14%         1
 Sandblast                Erth           6%         2d5       14%         1
 Dazzling Flash           Conj/Hex       26%        N/A       14%         3
 Call Imp                 Summ           3%         N/A       21%         2
 Passwall                 Tmut/Erth      2%         N/A       21%         2
 Mephitic Cloud           Conj/Pois/Air  3%         N/A       38%         3
 Stone Arrow              Conj/Erth      6%         3d7       38%         3
 Silence                  Hex/Air        6%         N/A       78%         5
 Yara's Violent Unravell  Hex/Tmut       6%         3d5       78%         5
 Agony                    Necr           3%         N/A       98%         5
 Enfeeble                 Hex            11%        N/A       100%        7


Dungeon Overview and Level Annotations

Branches:
Dungeon (5/15)
 Temple: D:4-7

Altars:
Cheibriados
Uskayaw
Xom

Shops:
D:3 *?


Innate Abilities, Weirdness & Mutations

You are very small and have problems with some larger weapons.
You are too small for most types of armour.
You have supernaturally acute eyesight. (SInv)
You cover ground extremely quickly. (Speed+++)


Message History

Aiming: Ensorcelled Hibernation (safe; 9% risk of failure)
Press: ? - help, Shift-Dir - straight line, f - scorpion
Aim: a scorpion (chance to affect: 46%)
The scorpion looks drowsy...
The white imp gestures at you. The puff of frost hits you!
The helpless scorpion fails to defend itself.
You skewer the scorpion like a kebab!!!
You kill the scorpion!
The white imp gestures at you. The puff of frost hits you!
* * * LOW HITPOINT WARNING * * *
Your Hexes skill increases to level 5!
You closely miss the white imp. You hit the white imp but do no damage.
The white imp shouts, "Get thee gone, thou simpering beetle-headed sopling!"
The white imp completely misses you.
You hit the white imp but do no damage. The white imp completely misses you.
You hit the white imp.
The white imp is moderately wounded.
Casting: Ensorcelled Hibernation (safe; 7% risk of failure)
Confirm with . or Enter, or press ? or * to list all spells.
You can't see any susceptible monsters within range! (Use Z to cast anyway.)
Casting: Ensorcelled Hibernation (safe; 7% risk of failure)
Confirm with . or Enter, or press ? or * to list all spells.
The spell is quite dangerous to miscast (4% risk of failure)!
Continue anyway?
Okay, then.
Unknown command.
You barely miss the white imp.
The white imp is moderately wounded.
The white imp laughs crazily.
The white imp barely misses you.
You hit the white imp.
The white imp is severely wounded.
The white imp closely misses you.
You hit the white imp.
The white imp is almost dead.
The white imp gestures at you. The puff of frost hits you!
You die...

≈§≈§≈§≈≈§.)..............###
§§..§..§≈§..............##
≈§#.###.≈§.............##
§§#...#.§.##...........#
§§#._.#§≈.##..........##
§§#...#.≈............##
§§###.#.≈.####.......#
§§......≈.# #......##
≈≈≈≈§§≈≈≈.# ##..@5.##
...§§§....# #..##>†#
##....#######.######
##....####...##
##....##.....###
##............##
##............# #
##..........## ##
##..........##


You could see a white imp.

Vanquished Creatures
  An ogre (D:4)
  2 scorpions
  2 orc priests (D:3)
  4 iguanas
  7 adders
  A worm (D:2)
  A dart slug (D:4)
  4 orcs
  4 ball pythons
  6 endoplasms
  5 giant cockroaches
  9 goblins
  8 hobgoblins
  2 jackals (D:1)
  9 kobolds
  2 quokkas
  5 bats
  8 rats
80 creatures vanquished.

Vanquished Creatures (others)
  2 plants (D:3)
2 creatures vanquished.

Grand Total: 82 creatures vanquished

Notes
Turn   | Place    | Note
-------+----------+-------------------------------------------
     0 | D:1      | Ordine the Spriggan Enchanter began the quest for the Orb.
     0 | D:1      | Reached XP level 1. HP: 9/9 MP: 5/5
   656 | D:1      | Reached XP level 2. HP: 12/13 MP: 6/6
   659 | D:1      | Learned a level 2 spell: Ensorcelled Hibernation
   683 | D:1      | Reached skill level 5 in Stealth
  1429 | D:2      | Reached XP level 3. HP: 16/16 MP: 0/8
  1554 | D:2      | Learned a level 3 spell: Confusing Touch
  1805 | D:2      | Reached skill level 6 in Stealth
  2396 | D:3      | Reached XP level 4. HP: 21/21 MP: 0/9
  2397 | D:3      | Noticed a scorpion
  2480 | D:3      | Killed a scorpion
  2511 | D:3      | Reached skill level 7 in Stealth
  2511 | D:3      | Reached XP level 5. HP: 24/24 MP: 4/10
  2628 | D:3      | Found Izamm's Assorted Antiques.
  2647 | D:3      | Found Laebbir's Magic Scroll Emporium.
  2653 | D:3      | Bought a scroll of identify for 28 gold pieces
  2653 | D:3      | Bought a scroll of identify for 28 gold pieces
  3671 | D:3      | Reached skill level 8 in Stealth
  3827 | D:4      | Noticed an ogre
  3843 | D:4      | Killed an ogre
  3844 | D:4      | Reached skill level 5 in Short Blades
  3844 | D:4      | Reached XP level 6. HP: 28/28 MP: 3/12
  4176 | D:4      | Found a hide-covered altar of Uskayaw.
  4887 | D:4      | Found a shimmering altar of Xom.
  4999 | D:5      | Entered Level 5 of the Dungeon
  4999 | D:5      | Found a snail-covered altar of Cheibriados.
  5076 | D:4      | Reached skill level 5 in Hexes
  5083 | D:4      | Killed from afar by a white imp

Illustrated notes

Levels and vault maps discovered:
D:1:      mrwooster_arrival_statue_3, layout_basic, minmay_tetromino_l4
D:2:      layout_basic, supply_closet_lemuel
D:3:      layout_rooms, serial_shops, nicolae_shop_overgrown_old_shop,
          nicolae_shop_trees, minmay_pentangle
D:4:      layout_cave_pods, mainiacjoe_overflow_24_doors,
          mainiacjoe_overflow_brackets
D:5:      layout_gridville, mainiacjoe_overflow_concentric_impassable

Skill      XL: |  1  2  3  4  5  6 |
---------------+-------------------+-----
Stealth        | 5 6 7 8 |  8.0
Short Blades   | 2 3 5 |  5.0
Spellcasting   | 3 4 |  4.0
Hexes          | 5 |  5.1
Dodging        | |  2.6

Action                   |  1- 3 |  4- 6 || total
-------------------------+-------+-------++-------
Melee: Dagger            |    98 |    73 ||   171
Throw: Dart              |     3 |       ||     3
 Cast: Ensorcelled Hiber |    21 |    63 ||    84
  Use: Scroll            |       |     5 ||     5
 Stab: Sleeping          |    21 |    35 ||    56
Armor: Robe              |     9 |    11 ||    20
Dodge: Dodged            |    67 |    48 ||   115
